Thunderbirds vs Rocket

Created - Wednesday, January 8, 2025 at 00:15

Goals
1 2 3 T
Thunderbirds 0 2 0 2
Rocket 0 1 0 1
Shots
1 2 3 T
Thunderbirds 4 6 9 19
Rocket 8 18 7 33

1st period

No Goal

Penalties :
Peter Holland (LAV) for High sticking (Minor) at 0:43, Cole Bardreau (LAV) for Tripping (Minor) at 2:53, Riley Sutter (LAV) for Holding (Minor) at 6:54, Vincent Iorio (SPR) for Roughing (Minor) at 9:05, AJ Greer (SPR) for Holding (Minor) at 19:33

2nd period

1. Thunderbirds , AJ Greer 8 (Tyson Jost 12) at 4:26
2. Rocket , Michael Sgarbossa 18 (Matt Irwin 5, Anders Bjork 18) at 5:51
3. Thunderbirds , Vincent Iorio 5 (Tyson Jost 13, Jackson Cates 2) at 18:29

Penalties :
Vincent Iorio (SPR) for Elbowing (Minor) at 0:34, James Malatesta (SPR) for Delaying the game (Minor) at 10:39, Adam Wilsby (SPR) for Tripping (Minor) at 10:54, Jackson Cates (SPR) for Tripping (Minor) at 14:39

3rd period

No Goal

Penalties :
Adam Wilsby (SPR) for Tripping (Minor) at 0:48, Cole Bardreau (LAV) for Hooking (Minor) at 4:46, Travis Boyd (LAV) for Interference (Minor) at 13:44, Riley Sutter (LAV) for Hooking (Minor) at 15:59

Goalie Stats

Scott Wedgewood (SPR), 32 saves from 33 shots - (0.970), W, 9-9-0, 60:00 minutes
Chris Driedger (LAV), 17 saves from 19 shots - (0.895), L, 8-15-0, 59:22 minutes

Players Stats for Thunderbirds

Player Name              G  A  P  +/- PIM S  H  SB GA TA FO     MP     PP MP  PK MP  
------------------------------------------------------------------------------------
Adam Wilsby              0  0  0   0  4   1  3  1  0  0  0/0    22:27   3:53   4:35 
AJ Greer                 1  0  1   1  2   4  6  0  0  0  0/2    17:29   5:14   3:15 
Albert Johansson         0  0  0   0  0   0  1  1  0  0  0/0    20:37   6:11   3:29 
Artyom Anisimov          0  0  0  -1  0   0  1  1  0  0  5/10   17:18   0:40   2:55 
Artyom Grushnikov        0  0  0   1  0   0  3  0  0  0  0/0    15:00   1:14   1:43 
Cam Morrison             0  0  0   1  0   1  0  0  0  0  0/0     5:47   1:12   0:15 
Domenick Fensore         0  0  0   1  0   0  0  1  0  0  0/0    16:24   0:34   4:05 
Gabriel Fortier          0  0  0  -1  0   1  0  0  0  0  1/3    15:39   0:57   1:01 
Henrik Rybinski          0  0  0   0  0   1  0  0  0  0  0/0    15:34   4:51   0:28 
Hugh McGing              0  0  0   0  0   1  0  0  0  0  7/15   15:35   5:07   0:13 
Hunter McKown            0  0  0   0  0   0  0  0  0  0  3/3     4:44   2:00   0:00 
Ilya Usov                0  0  0   0  0   1  0  0  0  0  2/3     4:47   2:09   0:52 
Jackson Cates            0  1  1   0  2   0  0  1  0  0  3/5    17:08   0:05   0:28 
Jacob Lucchini           0  0  0   1  0   5  0  1  0  0  1/1    16:45   5:37   2:33 
James Malatesta          0  0  0   0  2   2  5  1  0  0  1/3    18:24   4:28   4:18 
Nikita Novikov           0  0  0   0  0   0  0  0  0  0  0/0    20:05   6:11   3:20 
Tyson Jost               0  2  2   2  0   1  1  0  0  0  15/30  20:59   5:14   4:21 
Vincent Iorio            1  0  1   0  4   1  2  2  0  0  0/0    21:18   3:53   4:09 

Players Stats for Rocket

Player Name              G  A  P  +/- PIM S  H  SB GA TA FO     MP     PP MP  PK MP  
------------------------------------------------------------------------------------
Anders Bjork             0  1  1   0  0   3  3  0  0  0  1/1    20:14   6:34   4:48 
Austin Strand            0  0  0   0  0   0  0  0  0  0  0/0     1:15   0:00   0:00 
Brogan Rafferty          0  0  0   0  0   2  0  0  0  0  0/0    18:29   5:50   0:26 
Cole Bardreau            0  0  0   0  4   3  0  0  0  0  4/5    16:14   0:00   0:00 
Dysin Mayo               0  0  0   0  0   1  1  0  0  0  0/0    14:14   0:00   0:26 
Jake Christiansen        0  0  0  -1  0   1  0  1  0  0  0/0    20:56   5:50   5:32 
Jayden Struble           0  0  0   0  0   0  1  0  0  0  0/0    23:59   5:21   5:56 
Josh Currie              0  0  0   0  0   4  0  0  0  0  7/10   14:22   2:09   0:00 
Kevin Shattenkirk        0  0  0   0  0   0  0  3  0  0  0/0    23:35   5:21   5:56 
Lucas Condotta           0  0  0   0  0   0  1  0  0  0  0/1     7:22   0:00   2:00 
Mackenzie MacEachern     0  0  0  -1  0   2  0  0  0  0  0/2    17:22   4:37   1:26 
Matt Irwin               0  1  1  -1  0   1  1  0  0  0  0/0    17:32   0:00   5:32 
Michael Sgarbossa        1  0  1   0  0   3  1  0  0  0  17/32  20:48   5:47   6:16 
Oskar Sundqvist          0  0  0   0  0   0  0  0  0  0  0/0     2:00   0:11   0:00 
Peter Holland            0  0  0  -1  2   2  1  0  0  0  4/14   15:04   4:37   0:00 
Phillip Di Giuseppe      0  0  0  -1  0   2  2  0  0  0  0/2    20:11   4:37   4:55 
Riley Sutter             0  0  0   0  4   5  2  0  0  0  1/1    13:15   0:00   0:00 
Travis Boyd              0  0  0   0  2   4  1  1  0  0  3/7    21:08   5:01   4:23 

3 Stars

1 - Scott Wedgewood (SPR)
2 - Tyson Jost (SPR)
3 - AJ Greer (SPR)

Power Play

Thunderbirds - 0 on 6 Attempt(s) - 0.00%
Rocket - 0 on 7 Attempt(s) - 0.00%

Penalty Kill

Thunderbirds - 7 on 7 Attempt(s) - 100.00% - Score 0 goal in Penalty Kill
Rocket - 6 on 6 Attempt(s) - 100.00% - Score 0 goal in Penalty Kill

Team Stat

Thunderbirds - Hits : 22 - Faceoff Wins : 38 - Blocked Shots : 9 - Penalty Minutes : 14
Rocket - Hits : 14 - Faceoff Wins : 37 - Blocked Shots : 5 - Penalty Minutes : 12

Official

Referees : Furman South and Gord Dwyer
Linesman : Michel Cormier and Ben O'Quinn

Game Notes

No Game Note

Finance

Level 1 -- Attendance: 1758 (87.90%) -- Ticket Income $61,530
Level 2 -- Attendance: 1000 (100.00%) -- Ticket Income $15,000
Total Attendance: 2758 (91.93%)
Total Ticket Income: $76,530
Other Income: $37,500
Total Income: $114,030

Thunderbirds

5 vs 5 Forward 
   Center                   Left Wing                Right Wing               Time % Phy DF OF 
 1 Tyson Jost               AJ Greer                 Jacob Lucchini           25     1   2  2  
 2 Hugh McGing              James Malatesta          Henrik Rybinski          25     1   2  2  
 3 Artyom Anisimov          Gabriel Fortier          Jackson Cates            25     1   2  2  
 4 Jackson Cates            Cam Morrison             Tyson Jost               25     1   2  2  

5 vs 5 Defense 
   Defense                  Defense                                           Time % Phy DF OF 
 1 Vincent Iorio            Adam Wilsby                                       25     1   2  2  
 2 Nikita Novikov           Albert Johansson                                  25     1   2  2  
 3 Artyom Grushnikov        Domenick Fensore                                  25     1   2  2  
 4 Vincent Iorio            Adam Wilsby                                       25     1   2  2  

PowerPlay Forward 
   Center                   Left Wing                Right Wing               Time % Phy DF OF 
 1 Tyson Jost               AJ Greer                 Jacob Lucchini           60     1   2  2  
 2 Hugh McGing              James Malatesta          Henrik Rybinski          40     1   2  2  

PowerPlay Defense
   Defense                  Defense                                           Time % Phy DF OF 
 1 Vincent Iorio            Adam Wilsby                                       60     1   2  2  
 2 Nikita Novikov           Albert Johansson                                  40     1   2  2  

Penalty Kill 4 Players Forward 
   Center                   Wing                     Time % Phy DF OF 
 1 Tyson Jost               AJ Greer                 60     1   2  2  
 2 James Malatesta          Jacob Lucchini           40     1   2  2  

Penalty Kill 4 Players Defense
   Defense                  Defense                  Time % Phy DF OF 
 1 Vincent Iorio            Adam Wilsby              60     1   2  2  
 2 Nikita Novikov           Albert Johansson         40     1   2  2  

Penalty Kill - 3 Players Forward 
   Forward                                           Time % Phy DF OF 
 1 Tyson Jost                                        60     1   2  2  
 2 AJ Greer                                          40     1   2  2  

Penalty Kill - 3 Players Defense
   Defense                  Defense                  Time % Phy DF OF 
 1 Vincent Iorio            Adam Wilsby              60     1   2  2  
 2 Nikita Novikov           Albert Johansson         40     1   2  2  

4 vs 4 Forward 
   Center                   Wing                     Time % Phy DF OF 
 1 Tyson Jost               AJ Greer                 60     1   2  2  
 2 James Malatesta          Jacob Lucchini           40     1   2  2  

4 vs 4 Defense
   Defense                  Defense                  Time % Phy DF OF 
 1 Vincent Iorio            Adam Wilsby              60     1   2  2  
 2 Nikita Novikov           Albert Johansson         40     1   2  2  

Last Minutes Offensive
   Center                   Left Wing                Right Wing               Defense                  Defense                  
   Tyson Jost               AJ Greer                 Jacob Lucchini           Vincent Iorio            Adam Wilsby              

Last Minutes Defensive
   Center                   Left Wing                Right Wing               Defense                  Defense                  
   Tyson Jost               AJ Greer                 Jacob Lucchini           Vincent Iorio            Adam Wilsby              

Goaltenders
Starting : Scott Wedgewood          
Backup : Mitchell Gibson          

Extra Forwards
Normal : Hunter McKown, Ilya Usov, Artyom Anisimov - PP : Hunter McKown, Ilya Usov - PK : Artyom Anisimov
Extra Defensemen
Normal : Artyom Grushnikov, Domenick Fensore, Nikita Novikov - PP : Artyom Grushnikov - PK : Domenick Fensore, Nikita Novikov
Penalty Shots
Tyson Jost, AJ Greer, James Malatesta, Jacob Lucchini, Hugh McGing
Custom OT Lines Forwards
Tyson Jost, AJ Greer, James Malatesta, Jacob Lucchini, Hugh McGing, Artyom Anisimov, Jackson Cates, Gabriel Fortier, Hunter McKown, Ilya Usov
Custom OT Lines Defensemen
Vincent Iorio, Adam Wilsby, Nikita Novikov, Albert Johansson, Artyom Grushnikov

Scratches
Peetro Seppala (Healthy), Xavier Simoneau (Healthy), Oliver Kylington (Healthy), Uvis Balinskis (Healthy), Jasper Weatherby (Healthy)
Adam Raska (Healthy), Samuel Knazko (Healthy), Lukas Reichel (Healthy), Nicolas Beaudin (Healthy), Topias Vilen (Healthy)
Jack Matier (Healthy), Dmitri Kuzmin (Left Hip Injury), Jordy Bellerive (Healthy), Filip Engaras (Healthy), Chase Wheatcroft (Healthy)
Jalen Luypen (Healthy), Lukas Rousek (Healthy), John Farinacci (Healthy), Jacob Gaucher (Healthy), Shakir Mukhamadullin (Healthy)
Curtis Hall (Healthy), Nathan Legare (Healthy), Marc Del Gaizo (Healthy), Donovan Sebrango (Healthy), Colton Poolman (Healthy)
Jakub Skarek (Healthy), Clay Stevenson (Healthy), Keith Petruzzelli (Healthy), Isaiah Saville (Healthy)

Rocket

5 vs 5 Forward 
   Center                   Left Wing                Right Wing               Time % Phy DF OF 
 1 Michael Sgarbossa        Anders Bjork             Travis Boyd              34     0   3  2  
 2 Peter Holland            Phillip Di Giuseppe      Mackenzie MacEachern     30     0   2  3  
 3 Josh Currie              Cole Bardreau            Riley Sutter             24     1   2  2  
 4 Cole Bardreau            Lucas Condotta           Travis Boyd              12     1   3  1  

5 vs 5 Defense 
   Defense                  Defense                                           Time % Phy DF OF 
 1 Kevin Shattenkirk        Jayden Struble                                    35     1   3  1  
 2 Matt Irwin               Jake Christiansen                                 30     1   3  1  
 3 Brogan Rafferty          Dysin Mayo                                        25     1   3  1  
 4 Kevin Shattenkirk        Jayden Struble                                    10     1   3  1  

PowerPlay Forward 
   Center                   Left Wing                Right Wing               Time % Phy DF OF 
 1 Michael Sgarbossa        Anders Bjork             Travis Boyd              60     0   0  5  
 2 Peter Holland            Phillip Di Giuseppe      Mackenzie MacEachern     40     0   0  5  

PowerPlay Defense
   Defense                  Defense                                           Time % Phy DF OF 
 1 Kevin Shattenkirk        Jayden Struble                                    60     0   2  3  
 2 Brogan Rafferty          Jake Christiansen                                 40     0   2  3  

Penalty Kill 4 Players Forward 
   Center                   Wing                     Time % Phy DF OF 
 1 Michael Sgarbossa        Phillip Di Giuseppe      60     1   4  0  
 2 Travis Boyd              Anders Bjork             40     1   4  0  

Penalty Kill 4 Players Defense
   Defense                  Defense                  Time % Phy DF OF 
 1 Kevin Shattenkirk        Jayden Struble           60     1   4  0  
 2 Matt Irwin               Jake Christiansen        40     1   4  0  

Penalty Kill - 3 Players Forward 
   Forward                                           Time % Phy DF OF 
 1 Michael Sgarbossa                                 60     1   4  0  
 2 Travis Boyd                                       40     1   4  0  

Penalty Kill - 3 Players Defense
   Defense                  Defense                  Time % Phy DF OF 
 1 Kevin Shattenkirk        Jayden Struble           60     1   4  0  
 2 Matt Irwin               Jake Christiansen        40     1   4  0  

4 vs 4 Forward 
   Center                   Wing                     Time % Phy DF OF 
 1 Travis Boyd              Anders Bjork             60     1   3  1  
 2 Michael Sgarbossa        Phillip Di Giuseppe      40     1   3  1  

4 vs 4 Defense
   Defense                  Defense                  Time % Phy DF OF 
 1 Kevin Shattenkirk        Jayden Struble           60     1   3  1  
 2 Matt Irwin               Jake Christiansen        40     1   3  1  

Last Minutes Offensive
   Center                   Left Wing                Right Wing               Defense                  Defense                  
   Michael Sgarbossa        Anders Bjork             Travis Boyd              Kevin Shattenkirk        Jayden Struble           

Last Minutes Defensive
   Center                   Left Wing                Right Wing               Defense                  Defense                  
   Michael Sgarbossa        Phillip Di Giuseppe      Travis Boyd              Kevin Shattenkirk        Jayden Struble           

Goaltenders
Starting : Chris Driedger           
Backup : Antti Raanta             

Extra Forwards
Normal : Cole Bardreau, Lucas Condotta, Riley Sutter - PP : Josh Currie, Travis Boyd - PK : Mackenzie MacEachern
Extra Defensemen
Normal : Brogan Rafferty, Dysin Mayo, Jake Christiansen - PP : Dysin Mayo - PK : Brogan Rafferty, Dysin Mayo
Penalty Shots
Jayden Struble, Anders Bjork, Kevin Shattenkirk, Jake Christiansen, Michael Sgarbossa
Custom OT Lines Forwards
Travis Boyd, Michael Sgarbossa, Phillip Di Giuseppe, Anders Bjork, Mackenzie MacEachern, Peter Holland, Cole Bardreau, Lucas Condotta, Riley Sutter, Josh Currie
Custom OT Lines Defensemen
Kevin Shattenkirk, Jayden Struble, Matt Irwin, Jake Christiansen, Brogan Rafferty

Scratches
Kale Kessy (Healthy), Brett Sutter (Healthy), Mark Duarte (Healthy), Tyson Feist (Healthy), Sam Bitten (Healthy)
Mitch McLain (Healthy)

% Time on Ice - Thunderbirds

Lines # - Real PCT - Wanted PCT - Time Play
Normal Forward
1 - 22% - 25% - 7:52
2 - 28% - 25% - 10:15
3 - 38% - 25% - 13:41
4 - 12% - 25% - 4:20
Normal Defense
1 - 22% - 25% - 8:03
2 - 28% - 25% - 9:58
3 - 34% - 25% - 12:21
4 - 16% - 25% - 5:46
PP Forward
1 - 53% - 60% - 6:16
2 - 47% - 40% - 5:38
PP Defense
1 - 48% - 60% - 5:43
2 - 52% - 40% - 6:11
PK Forward
1 - 66% - 60% - 5:34
2 - 34% - 40% - 2:55
PK Defense
1 - 75% - 60% - 6:20
2 - 25% - 40% - 2:09
PK3 Forward
1 - 56% - 60% - 1:31
2 - 44% - 40% - 1:11
PK3 Defense
1 - 73% - 60% - 1:58
2 - 27% - 40% - 0:44
44 Forward
1 - 0% - 60%
2 - 0% - 40%
44 Defense
1 - 0% - 60%
2 - 0% - 40%
Last Minute Offensive  - 0:00
Last Minute Defensive  - 0:47
Total
Forward - 60:00
Defense - 60:00

% Time on Ice - Rocket

Lines # - Real PCT - Wanted PCT - Time Play
Normal Forward
1 - 23% - 34% - 8:25
2 - 29% - 30% - 10:28
3 - 36% - 24% - 12:57
4 - 12% - 12% - 4:18
Normal Defense
1 - 33% - 35% - 11:58
2 - 29% - 30% - 10:26
3 - 38% - 25% - 13:44
4 - 0% - 10% - 0:00
PP Forward
1 - 59% - 60% - 6:34
2 - 41% - 40% - 4:37
PP Defense
1 - 48% - 60% - 5:21
2 - 52% - 40% - 5:50
PK Forward
1 - 60% - 60% - 7:06
2 - 40% - 40% - 4:48
PK Defense
1 - 54% - 60% - 6:22
2 - 46% - 40% - 5:32
PK3 Forward
1 - 0% - 60%
2 - 0% - 40%
PK3 Defense
1 - 0% - 60%
2 - 0% - 40%
44 Forward
1 - 0% - 60%
2 - 0% - 40%
44 Defense
1 - 0% - 60%
2 - 0% - 40%
Last Minute Offensive  - 0:47
Last Minute Defensive  - 0:00
Total
Forward - 60:00
Defense - 60:00

Play-by-Play

1st period


0:01 of 1st period - Tyson Jost wins face-off versus Michael Sgarbossa in neutral zone.
0:10 of 1st period - Shot by Tyson Jost.
0:10 of 1st period - Stopped by Chris Driedger without a rebound.
0:11 of 1st period - Hugh McGing wins face-off versus Peter Holland in Rocket zone.
0:16 of 1st period - Shot by James Malatesta.
0:16 of 1st period - Shot Misses the Net.
0:18 of 1st period - Shot by Henrik Rybinski.
0:18 of 1st period - Stopped by Chris Driedger without a rebound.
0:19 of 1st period - Artyom Anisimov wins face-off versus Josh Currie in Rocket zone.
0:41 of 1st period - Shot by Josh Currie.
0:41 of 1st period - Stopped by Scott Wedgewood without a rebound.
0:42 of 1st period - Hugh McGing wins face-off versus Peter Holland in Thunderbirds zone.
0:42 of 1st period - Hugh McGing is hit by Phillip Di Giuseppe.
0:43 of 1st period - Minor Penalty to Peter Holland for High sticking.
0:44 of 1st period - Tyson Jost wins face-off versus Michael Sgarbossa in Rocket zone.
1:37 of 1st period - Icing by James Malatesta.
1:38 of 1st period - Travis Boyd wins face-off versus Hugh McGing in Thunderbirds zone.
2:34 of 1st period - Icing by Jacob Lucchini.
2:35 of 1st period - Michael Sgarbossa wins face-off versus Tyson Jost in Thunderbirds zone.
2:48 of 1st period - Shot by Riley Sutter.
2:48 of 1st period - Stopped by Scott Wedgewood without a rebound.
2:49 of 1st period - Cole Bardreau wins face-off versus Artyom Anisimov in Thunderbirds zone.
2:50 of 1st period - Shot by Riley Sutter.
2:50 of 1st period - Shot Misses the Net.
2:53 of 1st period - Minor Penalty to Cole Bardreau for Tripping.
2:54 of 1st period - Tyson Jost wins face-off versus Michael Sgarbossa in Rocket zone.
3:12 of 1st period - Shot by AJ Greer.
3:12 of 1st period - Shot Misses the Net.
3:20 of 1st period - Shot by Adam Wilsby.
3:20 of 1st period - Stopped by Chris Driedger without a rebound.
3:21 of 1st period - Travis Boyd wins face-off versus Hugh McGing in Rocket zone.
3:43 of 1st period - Icing by Albert Johansson.
3:44 of 1st period - Michael Sgarbossa wins face-off versus James Malatesta in Thunderbirds zone.
4:33 of 1st period - Off-side.
4:34 of 1st period - Jacob Lucchini wins face-off versus Michael Sgarbossa in neutral zone.
4:45 of 1st period - Shot by AJ Greer.
4:45 of 1st period - Shot Misses the Net.
4:59 of 1st period - Shot by Cole Bardreau.
4:59 of 1st period - Deflect By Josh Currie.
4:59 of 1st period - Stopped by Scott Wedgewood with a rebound.
5:01 of 1st period - Shot by Dysin Mayo.
5:01 of 1st period - Stopped by Scott Wedgewood without a rebound.
5:02 of 1st period - Josh Currie wins face-off versus Artyom Anisimov in Thunderbirds zone.
5:05 of 1st period - Shot by Riley Sutter.
5:05 of 1st period - Stopped by Scott Wedgewood without a rebound.
5:06 of 1st period - Cole Bardreau wins face-off versus Gabriel Fortier in Thunderbirds zone.
5:32 of 1st period - Jayden Struble is hit by Artyom Anisimov and loses puck.
6:33 of 1st period - Cole Bardreau is hit by James Malatesta and loses puck.
6:54 of 1st period - Minor Penalty to Riley Sutter for Holding.
6:55 of 1st period - Tyson Jost wins face-off versus Phillip Di Giuseppe in Rocket zone.
6:58 of 1st period - Shot by AJ Greer.
6:58 of 1st period - Shot Blocked by Kevin Shattenkirk.
7:00 of 1st period - Shot by Jacob Lucchini.
7:00 of 1st period - Shot Blocked by Kevin Shattenkirk.
7:02 of 1st period - Shot by Vincent Iorio.
7:02 of 1st period - Deflect By Jacob Lucchini.
7:02 of 1st period - Shot Misses the Net.
7:04 of 1st period - Shot by Adam Wilsby.
7:04 of 1st period - Shot Misses the Net.
7:06 of 1st period - Shot by AJ Greer.
7:06 of 1st period - Shot Blocked by Kevin Shattenkirk.
7:08 of 1st period - Shot by Jacob Lucchini.
7:08 of 1st period - Shot Misses the Net.
7:10 of 1st period - Shot by Jacob Lucchini.
7:10 of 1st period - Deflect By AJ Greer.
7:10 of 1st period - Stopped by Chris Driedger without a rebound.
7:11 of 1st period - Travis Boyd wins face-off versus Tyson Jost in Rocket zone.
7:20 of 1st period - Shot by Jacob Lucchini.
7:20 of 1st period - Shot Misses the Net.
7:53 of 1st period - Icing by AJ Greer.
7:54 of 1st period - Michael Sgarbossa wins face-off versus Tyson Jost in Thunderbirds zone.
8:23 of 1st period - Icing by Jacob Lucchini.
8:24 of 1st period - Michael Sgarbossa wins face-off versus Tyson Jost in Thunderbirds zone.
9:05 of 1st period - Minor Penalty to Vincent Iorio for Roughing.
9:06 of 1st period - James Malatesta wins face-off versus Michael Sgarbossa in Thunderbirds zone.
9:27 of 1st period - Shot by Kevin Shattenkirk.
9:27 of 1st period - Shot Blocked by Adam Wilsby.
10:44 of 1st period - Jackson Cates is hit by Anders Bjork and loses puck.
11:31 of 1st period - Cole Bardreau is hit by Vincent Iorio and loses puck.
12:36 of 1st period - Tyson Jost is hit by Dysin Mayo and loses puck.
14:21 of 1st period - Jayden Struble is hit by Tyson Jost.
15:40 of 1st period - Lucas Condotta is hit by James Malatesta and loses puck.
15:57 of 1st period - Shot by Anders Bjork.
15:57 of 1st period - Stopped by Scott Wedgewood with a rebound.
15:59 of 1st period - Shot by Anders Bjork.
15:59 of 1st period - Shot Misses the Net.
16:01 of 1st period - Shot by Travis Boyd.
16:01 of 1st period - Stopped by Scott Wedgewood without a rebound.
16:02 of 1st period - Artyom Anisimov wins face-off versus Michael Sgarbossa in Thunderbirds zone.
16:08 of 1st period - Icing by Albert Johansson.
16:09 of 1st period - Hunter McKown wins face-off versus Michael Sgarbossa in Thunderbirds zone.
16:14 of 1st period - Artyom Anisimov is hit by Michael Sgarbossa and loses puck.
16:55 of 1st period - Icing by Dysin Mayo.
16:56 of 1st period - Riley Sutter wins face-off versus Tyson Jost in Rocket zone.
17:09 of 1st period - Shot by AJ Greer.
17:09 of 1st period - Shot Misses the Net.
17:50 of 1st period - Shot by Phillip Di Giuseppe.
17:50 of 1st period - Stopped by Scott Wedgewood without a rebound.
17:51 of 1st period - Josh Currie wins face-off versus Hugh McGing in Thunderbirds zone.
17:57 of 1st period - Cole Bardreau is hit by Adam Wilsby and loses puck.
18:03 of 1st period - Cole Bardreau is hit by Vincent Iorio.
18:59 of 1st period - Icing by Jackson Cates.
19:00 of 1st period - Artyom Anisimov wins face-off versus Peter Holland in Thunderbirds zone.
19:20 of 1st period - Shot by Peter Holland.
19:20 of 1st period - Shot Blocked by Artyom Anisimov.
19:33 of 1st period - Minor Penalty to AJ Greer for Holding.
19:34 of 1st period - Michael Sgarbossa wins face-off versus Tyson Jost in Thunderbirds zone.
Goals for this period are 0 for Thunderbirds vs 0 for Rocket.
Shots for this period are 4 for Thunderbirds vs 8 for Rocket.

2nd period


0:01 of 2nd period - Michael Sgarbossa wins face-off versus Artyom Anisimov in neutral zone.
0:33 of 2nd period - Shot by Jayden Struble.
0:33 of 2nd period - Shot Misses the Net.
0:34 of 2nd period - Minor Penalty to Vincent Iorio for Elbowing.
0:35 of 2nd period - Peter Holland wins face-off versus Tyson Jost in Thunderbirds zone.
0:38 of 2nd period - Shot by Jake Christiansen.
0:38 of 2nd period - Stopped by Scott Wedgewood with a rebound.
0:45 of 2nd period - Icing by Phillip Di Giuseppe.
0:46 of 2nd period - Peter Holland wins face-off versus Tyson Jost in Rocket zone.
0:48 of 2nd period - Icing by Phillip Di Giuseppe.
0:49 of 2nd period - Peter Holland wins face-off versus Tyson Jost in Rocket zone.
1:00 of 2nd period - Shot by Mackenzie MacEachern.
1:00 of 2nd period - Stopped by Scott Wedgewood without a rebound.
1:01 of 2nd period - Tyson Jost wins face-off versus Michael Sgarbossa in Thunderbirds zone.
1:20 of 2nd period - Shot by Michael Sgarbossa.
1:20 of 2nd period - Shot Misses the Net.
2:30 of 2nd period - Shot by Travis Boyd.
2:30 of 2nd period - Stopped by Scott Wedgewood without a rebound.
2:31 of 2nd period - Michael Sgarbossa wins face-off versus Tyson Jost in Thunderbirds zone.
2:38 of 2nd period - Shot by Cole Bardreau.
2:38 of 2nd period - Shot Misses the Net.
2:40 of 2nd period - Shot by Riley Sutter.
2:40 of 2nd period - Shot Misses the Net.
2:42 of 2nd period - Shot by Riley Sutter.
2:42 of 2nd period - Shot Hit the Post.
2:44 of 2nd period - Shot by Brogan Rafferty.
2:44 of 2nd period - Stopped by Scott Wedgewood with a rebound.
3:02 of 2nd period - Shot by Riley Sutter.
3:02 of 2nd period - Stopped by Scott Wedgewood with a rebound.
3:04 of 2nd period - Shot by Riley Sutter.
3:04 of 2nd period - Shot Blocked by Albert Johansson.
3:36 of 2nd period - Shot by Peter Holland.
3:36 of 2nd period - Stopped by Scott Wedgewood without a rebound.
3:37 of 2nd period - Michael Sgarbossa wins face-off versus Tyson Jost in Thunderbirds zone.
3:43 of 2nd period - Off-side.
3:44 of 2nd period - Michael Sgarbossa wins face-off versus Hugh McGing in neutral zone.
4:20 of 2nd period - Icing by Kevin Shattenkirk.
4:21 of 2nd period - Tyson Jost wins face-off versus Michael Sgarbossa in Rocket zone.
4:22 of 2nd period - Shot by Jacob Lucchini.
4:22 of 2nd period - Stopped by Chris Driedger without a rebound.
4:23 of 2nd period - Tyson Jost wins face-off versus Peter Holland in Rocket zone.
4:26 of 2nd period - Shot by AJ Greer.
4:26 of 2nd period - Goal by AJ Greer - Thunderbirds : 1 - Rocket : 0.
4:27 of 2nd period - Jackson Cates wins face-off versus Peter Holland in neutral zone.
4:32 of 2nd period - Shot by Artyom Grushnikov.
4:32 of 2nd period - Shot Misses the Net.
4:38 of 2nd period - Shot by Jackson Cates.
4:38 of 2nd period - Shot Misses the Net.
4:40 of 2nd period - Shot by Cam Morrison.
4:40 of 2nd period - Stopped by Chris Driedger without a rebound.
4:41 of 2nd period - Josh Currie wins face-off versus Hugh McGing in Rocket zone.
4:41 of 2nd period - Josh Currie is hit by James Malatesta.
4:46 of 2nd period - Jayden Struble is hit by James Malatesta and loses puck.
4:50 of 2nd period - Kevin Shattenkirk is hit by Adam Wilsby and loses puck.
5:04 of 2nd period - Icing by Cole Bardreau.
5:05 of 2nd period - Josh Currie wins face-off versus AJ Greer in Rocket zone.
5:05 of 2nd period - Josh Currie is hit by AJ Greer.
5:12 of 2nd period - Jayden Struble is hit by AJ Greer and loses puck.
5:30 of 2nd period - Off-side.
5:31 of 2nd period - Michael Sgarbossa wins face-off versus Artyom Anisimov in neutral zone.
5:42 of 2nd period - Artyom Anisimov is hit by Travis Boyd and loses puck.
5:47 of 2nd period - Shot by Anders Bjork.
5:47 of 2nd period - Stopped by Scott Wedgewood with a rebound.
5:49 of 2nd period - Shot by Matt Irwin.
5:49 of 2nd period - Shot Blocked by Vincent Iorio.
5:51 of 2nd period - Shot by Michael Sgarbossa.
5:51 of 2nd period - Goal by Michael Sgarbossa - Thunderbirds : 1 - Rocket : 1.
5:52 of 2nd period - Peter Holland wins face-off versus Hugh McGing in neutral zone.
6:03 of 2nd period - Shot by Brogan Rafferty.
6:03 of 2nd period - Stopped by Scott Wedgewood without a rebound.
6:04 of 2nd period - Michael Sgarbossa wins face-off versus Jackson Cates in Thunderbirds zone.
6:35 of 2nd period - Shot by Travis Boyd.
6:35 of 2nd period - Shot Misses the Net.
7:01 of 2nd period - Shot by Hugh McGing.
7:01 of 2nd period - Shot Misses the Net.
7:43 of 2nd period - Shot by Cole Bardreau.
7:43 of 2nd period - Stopped by Scott Wedgewood without a rebound.
7:44 of 2nd period - Tyson Jost wins face-off versus Travis Boyd in Thunderbirds zone.
7:44 of 2nd period - AJ Greer is hit by Lucas Condotta and loses puck.
7:53 of 2nd period - Nikita Novikov is hit by Matt Irwin and loses puck.
8:54 of 2nd period - Icing by Vincent Iorio.
8:55 of 2nd period - Jackson Cates wins face-off versus Josh Currie in Thunderbirds zone.
9:09 of 2nd period - Shot by Josh Currie.
9:09 of 2nd period - Stopped by Scott Wedgewood without a rebound.
9:10 of 2nd period - Michael Sgarbossa wins face-off versus Hugh McGing in Thunderbirds zone.
9:27 of 2nd period - Shot by Travis Boyd.
9:27 of 2nd period - Shot Misses the Net.
9:29 of 2nd period - Shot by Michael Sgarbossa.
9:29 of 2nd period - Stopped by Scott Wedgewood with a rebound.
9:37 of 2nd period - Shot by Anders Bjork.
9:37 of 2nd period - Stopped by Scott Wedgewood without a rebound.
9:38 of 2nd period - Tyson Jost wins face-off versus Peter Holland in Thunderbirds zone.
9:38 of 2nd period - Tyson Jost is hit by Peter Holland.
10:00 of 2nd period - Shot by Mackenzie MacEachern.
10:00 of 2nd period - Shot Hit the Post.
10:02 of 2nd period - Shot by Peter Holland.
10:02 of 2nd period - Shot Hit the Post.
10:04 of 2nd period - Shot by Phillip Di Giuseppe.
10:04 of 2nd period - Stopped by Scott Wedgewood with a rebound.
10:06 of 2nd period - Shot by Phillip Di Giuseppe.
10:06 of 2nd period - Shot Misses the Net.
10:16 of 2nd period - Mackenzie MacEachern is hit by AJ Greer and loses puck.
10:28 of 2nd period - Jayden Struble is hit by AJ Greer and loses puck.
10:32 of 2nd period - Off-side.
10:33 of 2nd period - Hugh McGing wins face-off versus Josh Currie in neutral zone.
10:39 of 2nd period - Minor Penalty to James Malatesta for Delaying the game.
10:40 of 2nd period - Gabriel Fortier wins face-off versus Michael Sgarbossa in Thunderbirds zone.
10:54 of 2nd period - Minor Penalty to Adam Wilsby for Tripping.
10:55 of 2nd period - Tyson Jost wins face-off versus Michael Sgarbossa in Thunderbirds zone.
11:56 of 2nd period - Shot by Mackenzie MacEachern.
11:56 of 2nd period - Stopped by Scott Wedgewood without a rebound.
11:57 of 2nd period - Anders Bjork wins face-off versus AJ Greer in Thunderbirds zone.
13:25 of 2nd period - Shot by Artyom Anisimov.
13:25 of 2nd period - Shot Misses the Net.
14:17 of 2nd period - Off-side.
14:18 of 2nd period - Tyson Jost wins face-off versus Peter Holland in neutral zone.
14:25 of 2nd period - Shot by Jacob Lucchini.
14:25 of 2nd period - Shot Blocked by Jake Christiansen.
14:28 of 2nd period - Icing by Cole Bardreau.
14:29 of 2nd period - Artyom Anisimov wins face-off versus Peter Holland in Rocket zone.
14:36 of 2nd period - Shot by Gabriel Fortier.
14:36 of 2nd period - Stopped by Chris Driedger with a rebound.
14:39 of 2nd period - Minor Penalty to Jackson Cates for Tripping.
14:40 of 2nd period - Tyson Jost wins face-off versus Travis Boyd in Thunderbirds zone.
15:34 of 2nd period - Shot by Phillip Di Giuseppe.
15:34 of 2nd period - Shot Blocked by James Malatesta.
15:36 of 2nd period - Shot by Peter Holland.
15:36 of 2nd period - Shot Blocked by Vincent Iorio.
15:40 of 2nd period - Shot by Kevin Shattenkirk.
15:40 of 2nd period - Deflect By Peter Holland.
15:40 of 2nd period - Stopped by Scott Wedgewood without a rebound.
15:41 of 2nd period - Michael Sgarbossa wins face-off versus James Malatesta in Thunderbirds zone.
15:58 of 2nd period - Anders Bjork is hit by James Malatesta and loses puck.
16:58 of 2nd period - Shot by Travis Boyd.
16:58 of 2nd period - Shot Misses the Net.
17:00 of 2nd period - Shot by Travis Boyd.
17:00 of 2nd period - Deflect By Cole Bardreau.
17:00 of 2nd period - Stopped by Scott Wedgewood without a rebound.
17:01 of 2nd period - Hugh McGing wins face-off versus Peter Holland in Thunderbirds zone.
17:01 of 2nd period - Hugh McGing is hit by Phillip Di Giuseppe.
18:14 of 2nd period - Shot by Cole Bardreau.
18:14 of 2nd period - Stopped by Scott Wedgewood without a rebound.
18:15 of 2nd period - Jackson Cates wins face-off versus Travis Boyd in Thunderbirds zone.
18:15 of 2nd period - Jackson Cates is hit by Anders Bjork.
18:29 of 2nd period - Shot by Vincent Iorio.
18:29 of 2nd period - Goal by Vincent Iorio - Thunderbirds : 2 - Rocket : 1.
18:30 of 2nd period - Tyson Jost wins face-off versus Peter Holland in neutral zone.
18:35 of 2nd period - Shot by AJ Greer.
18:35 of 2nd period - Stopped by Chris Driedger with a rebound.
18:41 of 2nd period - Shot by Jacob Lucchini.
18:41 of 2nd period - Shot Misses the Net.
19:01 of 2nd period - Shot by AJ Greer.
19:01 of 2nd period - Shot Misses the Net.
19:18 of 2nd period - Icing by Nikita Novikov.
19:19 of 2nd period - Josh Currie wins face-off versus Tyson Jost in Thunderbirds zone.
19:19 of 2nd period - Jake Christiansen is hit by Albert Johansson and loses puck.
Goals for this period are 2 for Thunderbirds vs 1 for Rocket.
Shots for this period are 6 for Thunderbirds vs 18 for Rocket.

3rd period


0:01 of 3rd period - Michael Sgarbossa wins face-off versus Jackson Cates in neutral zone.
0:29 of 3rd period - Shot by Jayden Struble.
0:29 of 3rd period - Shot Misses the Net.
0:33 of 3rd period - Shot by Michael Sgarbossa.
0:33 of 3rd period - Shot Blocked by Jackson Cates.
0:35 of 3rd period - Shot by Michael Sgarbossa.
0:35 of 3rd period - Stopped by Scott Wedgewood with a rebound.
0:48 of 3rd period - Minor Penalty to Adam Wilsby for Tripping.
0:49 of 3rd period - Artyom Anisimov wins face-off versus Phillip Di Giuseppe in Thunderbirds zone.
4:39 of 3rd period - Icing by Tyson Jost.
4:40 of 3rd period - Cole Bardreau wins face-off versus Tyson Jost in Thunderbirds zone.
4:46 of 3rd period - Minor Penalty to Cole Bardreau for Hooking.
4:47 of 3rd period - Hugh McGing wins face-off versus Michael Sgarbossa in Rocket zone.
4:50 of 3rd period - Shot by Hugh McGing.
4:50 of 3rd period - Shot Misses the Net.
4:54 of 3rd period - Shot by Hugh McGing.
4:54 of 3rd period - Shot Misses the Net.
4:56 of 3rd period - Shot by James Malatesta.
4:56 of 3rd period - Shot Misses the Net.
5:44 of 3rd period - Shot by Jacob Lucchini.
5:44 of 3rd period - Stopped by Chris Driedger with a rebound.
5:46 of 3rd period - Shot by AJ Greer.
5:46 of 3rd period - Deflect By Jacob Lucchini.
5:46 of 3rd period - Stopped by Chris Driedger with a rebound.
6:22 of 3rd period - Shot by Domenick Fensore.
6:22 of 3rd period - Shot Hit the Post.
6:44 of 3rd period - Shot by Ilya Usov.
6:44 of 3rd period - Stopped by Chris Driedger with a rebound.
6:46 of 3rd period - Shot by Jacob Lucchini.
6:46 of 3rd period - Stopped by Chris Driedger with a rebound.
7:29 of 3rd period - Icing by Artyom Grushnikov.
7:30 of 3rd period - Josh Currie wins face-off versus Gabriel Fortier in Thunderbirds zone.
7:37 of 3rd period - Shot by Cole Bardreau.
7:37 of 3rd period - Shot Misses the Net.
7:39 of 3rd period - Shot by Cole Bardreau.
7:39 of 3rd period - Shot Hit the Post.
8:18 of 3rd period - Shot by Phillip Di Giuseppe.
8:18 of 3rd period - Shot Hit the Post.
8:20 of 3rd period - Shot by Mackenzie MacEachern.
8:20 of 3rd period - Shot Blocked by Domenick Fensore.
8:24 of 3rd period - Shot by Mackenzie MacEachern.
8:24 of 3rd period - Shot Misses the Net.
8:26 of 3rd period - Shot by Brogan Rafferty.
8:26 of 3rd period - Shot Misses the Net.
8:45 of 3rd period - Icing by Artyom Anisimov.
8:46 of 3rd period - Josh Currie wins face-off versus Artyom Anisimov in Thunderbirds zone.
8:49 of 3rd period - Shot by Cole Bardreau.
8:49 of 3rd period - Shot Misses the Net.
9:00 of 3rd period - Kevin Shattenkirk is hit by Artyom Grushnikov and loses puck.
9:28 of 3rd period - Shot by Anders Bjork.
9:28 of 3rd period - Shot Misses the Net.
9:35 of 3rd period - Michael Sgarbossa is hit by Artyom Grushnikov and loses puck.
9:46 of 3rd period - Shot by Travis Boyd.
9:46 of 3rd period - Stopped by Scott Wedgewood with a rebound.
9:48 of 3rd period - Shot by Matt Irwin.
9:48 of 3rd period - Stopped by Scott Wedgewood with a rebound.
10:52 of 3rd period - Shot by AJ Greer.
10:52 of 3rd period - Stopped by Chris Driedger without a rebound.
10:53 of 3rd period - Hugh McGing wins face-off versus Michael Sgarbossa in Rocket zone.
11:00 of 3rd period - Shot by James Malatesta.
11:00 of 3rd period - Stopped by Chris Driedger without a rebound.
11:01 of 3rd period - Michael Sgarbossa wins face-off versus Tyson Jost in Rocket zone.
11:01 of 3rd period - Michael Sgarbossa is hit by AJ Greer.
11:06 of 3rd period - Dysin Mayo is hit by Adam Wilsby and loses puck.
12:00 of 3rd period - Shot by Riley Sutter.
12:00 of 3rd period - Stopped by Scott Wedgewood with a rebound.
12:12 of 3rd period - Shot by Hugh McGing.
12:12 of 3rd period - Stopped by Chris Driedger without a rebound.
12:13 of 3rd period - Tyson Jost wins face-off versus Mackenzie MacEachern in Rocket zone.
12:14 of 3rd period - Shot by Jacob Lucchini.
12:14 of 3rd period - Stopped by Chris Driedger with a rebound.
13:26 of 3rd period - Matt Irwin is hit by AJ Greer.
13:40 of 3rd period - Shot by Josh Currie.
13:40 of 3rd period - Stopped by Scott Wedgewood without a rebound.
13:41 of 3rd period - Hugh McGing wins face-off versus Michael Sgarbossa in Thunderbirds zone.
13:41 of 3rd period - Hugh McGing is hit by Anders Bjork.
13:44 of 3rd period - Minor Penalty to Travis Boyd for Interference.
13:45 of 3rd period - Michael Sgarbossa wins face-off versus Hugh McGing in Rocket zone.
14:02 of 3rd period - Shot by Nikita Novikov.
14:02 of 3rd period - Shot Misses the Net.
14:54 of 3rd period - Icing by Ilya Usov.
14:55 of 3rd period - Hunter McKown wins face-off versus Mackenzie MacEachern in Thunderbirds zone.
15:23 of 3rd period - Icing by James Malatesta.
15:24 of 3rd period - Michael Sgarbossa wins face-off versus Ilya Usov in Thunderbirds zone.
15:59 of 3rd period - Minor Penalty to Riley Sutter for Hooking.
16:00 of 3rd period - Tyson Jost wins face-off versus Travis Boyd in Rocket zone.
16:50 of 3rd period - Hunter McKown is hit by Jayden Struble and loses puck.
17:37 of 3rd period - Icing by Ilya Usov.
17:38 of 3rd period - Ilya Usov wins face-off versus Lucas Condotta in Thunderbirds zone.
18:24 of 3rd period - Tyson Jost is hit by Riley Sutter and loses puck.
18:51 of 3rd period - Shot by James Malatesta.
18:51 of 3rd period - Shot Blocked by Travis Boyd.
19:12 of 3rd period - Shot by James Malatesta.
19:12 of 3rd period - Stopped by Chris Driedger without a rebound.
19:13 of 3rd period - Hunter McKown wins face-off versus Cole Bardreau in Rocket zone.
19:22 of 3rd period - Rocket, Chris Driedger is pulled from the net.
19:35 of 3rd period - Shot by Travis Boyd.
19:35 of 3rd period - Stopped by Scott Wedgewood without a rebound.
19:36 of 3rd period - Ilya Usov wins face-off versus Michael Sgarbossa in Thunderbirds zone.
19:36 of 3rd period - Ilya Usov is hit by Riley Sutter.
19:53 of 3rd period - Shot by Jayden Struble.
19:53 of 3rd period - Deflect By Michael Sgarbossa.
19:53 of 3rd period - Shot Blocked by Jacob Lucchini.
19:55 of 3rd period - Shot by Riley Sutter.
19:55 of 3rd period - Stopped by Scott Wedgewood without a rebound.
19:56 of 3rd period - Cole Bardreau wins face-off versus Tyson Jost in Thunderbirds zone.
19:56 of 3rd period - Cole Bardreau is hit by Artyom Grushnikov.
Goals for this period are 0 for Thunderbirds vs 0 for Rocket.
Shots for this period are 9 for Thunderbirds vs 7 for Rocket.